 Dungeon Crawl Stone Soup version 0.25-a0-404-gc1b5a34292 (console) character file.

Game seed: 1795556613361780491, levelgen mode: deterministic

8199 Kagalorn the Covert (level 11, -9/118 HPs)
             Began as a Human Assassin on Jan 10, 2020.
             Was a Priest of Dithmenos.
             Mangled by an orc warlord
             ... wielding a +0 bardiche
              (28 damage)
             ... in a bailey.
             The game lasted 00:40:39 (9968 turns).

Kagalorn the Covert (Human Assassin)                Turns: 9968, Time: 00:40:40

Health: -9/118     AC: 25    Str: 10    XL:     11   Next: 51%
Magic:  4/24       EV:  2    Int: 16    God:    Dithmenos [***...]
Gold:   163        SH:  5    Dex: 15    Spells: 20/24 levels left

rFire    . . .     SeeInvis .   F - +0 hunting sling
rCold    . . .     Gourm    .   x - +0 buckler
rNeg     + + +     Faith    .   (armour currently unavailable)
rPois    +         Spirit   .   (helmet currently unavailable)
rElec    .         Reflect  .   (cloak currently unavailable)
rCorr    .         Harm     .   (gloves currently unavailable)
MR       .....     NoTele   +   (boots currently unavailable)
Stlth    ++++++....             (no amulet)
HPRegen  0.29/turn              (no ring)
MPRegen  0.19/turn              (no ring)

@: tree-form (expiring), very slightly contaminated, wreathed by umbra,
invisible
A: clever 1, high mp 1, weak 1
a: Shadow Step, Renounce Religion


You were in a bailey.
You worshipped Dithmenos.
Dithmenos was most pleased with you.
You were hungry.
You were a tree.
You visited 2 branches of the dungeon, and saw 8 of its levels.
You also visited: Bailey.

You collected 393 gold pieces.
You spent 230 gold pieces at shops.

Inventory:

Hand Weapons
 a - the +6 whip "Spider's Doom" {flame, +Rage rElec Int+2}
   (You found it on level 5 of the Dungeon)

   It has been specially enchanted to burn those struck by it, causing extra
   injury to most foes and up to half again as much damage against particularly
   susceptible opponents.
   It affects your intelligence (+2).
   It insulates you from electricity.
   It lets you go berserk.
 b - a +2 dagger of speed
 w - a +0 rapier
 F - a +0 hunting sling (weapon)
Missiles
 d - 4 poisoned darts
 m - 194 stones (quivered)
 r - 99 sling bullets
Armour
 c - a +0 cloak (melded)
 t - a +2 robe of cold resistance (melded)
 x - a +0 buckler (worn)
 z - a +0 helmet (melded)
 A - a +2 pair of boots (melded)
 I - a scarf of spirit shield
 K - a +0 shield
 M - a +0 pair of gloves (melded)
Scrolls
 g - a scroll of enchant armour {unknown}
 j - a scroll of identify
 o - 6 scrolls of teleportation
 p - 3 scrolls of fog {unknown}
 u - 3 scrolls of remove curse
 v - 2 scrolls of enchant weapon {unknown}
 y - 3 scrolls of amnesia {unknown}
 E - 3 scrolls of blinking
 G - a scroll of fear {unknown}
 H - 2 scrolls of acquirement {unknown}
Potions
 e - a potion of mutation
 h - 5 potions of curing {unknown}
 i - a potion of resistance
 k - 3 potions of lignification
 l - a potion of flight
 n - 2 potions of brilliance
 D - a potion of ambrosia
 J - a potion of berserk rage
 O - a potion of haste
Comestibles
 f - 9 rations


   Skills:
 - Level 5.0 Fighting
 - Level 6.0 Short Blades
 - Level 2.0 Throwing
 - Level 1.0 Dodging
 - Level 10.0 Stealth
 - Level 5.0 Shields
 - Level 7.4 Spellcasting
 * Level 7.9 Summonings
 * Level 5.1 Air Magic
 + Level 1.1 Evocations


You had 20 spell levels left.
You knew the following spells:

 Your Spells              Type           Power        Failure   Level  Hunger
d - Summon Lightning Spi  Summ/Air       ####....     9%          4    ####...

Your spell library contained the following spells:

 Spells                   Type           Power        Failure   Level  Hunger
 Summon Small Mammal      Summ           ####         1%          1    None
 Call Imp                 Summ           ####....     1%          2    None
 Call Canine Familiar     Summ           ####....     1%          3    ##.....
 Summon Guardian Golem    Hex/Summ       ###.....     7%          3    ##.....
 Summon Ice Beast         Ice/Summ       ###.....     24%         4    ####...


Dungeon Overview and Level Annotations

Branches:
Dungeon (7/15)             Temple (1/1) D:4          Bailey (1/1)

Altars:
Ashenzari
Cheibriados
Dithmenos
Elyvilon
Fedhas
Gozag
Hepliaklqana
Kikubaaqudgha
Makhleb
Okawaru
Qazlal
Ru
Sif Muna
Trog
Uskayaw
Vehumet
Wu Jian
Xom
Yredelemnul
Zin
The Shining One

Shops:
D:7 ?


Innate Abilities, Weirdness & Mutations

Your mind is acute. (Int +2)
((Armour fits poorly on your strangely shaped body.))
You have an increased reservoir of magic. (+10% MP)
You are weak. (Str -2)


Message History

Your transformation is almost over.
The orc warlord hits you but does no damage.
The orc warlord hits you from afar with a +0 bardiche!
* * * LOW HITPOINT WARNING * * *
You feel much better.
The orc warlord hits you but does no damage.
You cannot move.
Okay, then.
Casting: Summon Lightning Spire (safe; 9% risk of failure)
Confirm with . or Enter, or press ? or * to list all spells.
Aiming: Summon Lightning Spire (safe; 9% risk of failure)
Press: ? - help, Dir - move target cursor, p - orc warlord An electric hum fills the air.
You are feeling hungry.
The orc warlord hits you from afar with a +0 bardiche!
* * * LOW HITPOINT WARNING * * *
The orc warlord hits you from afar with a +0 bardiche.
* * * LOW HITPOINT WARNING * * *
The orc warlord hits you from afar with a +0 bardiche!!
You die...

## # .##8.........!
# .#8.......... #
'.....⌠....∩ #
8.......... #
.......... ## ###
..(.....# .###
###.###.....#
...### ###.....#♣#
.....###.......(.##
...)..#......)o)8.#
...)..#.....)()...#
⌠.....#.....(.....#
...)..')...)......#
......#...........#
.....###....(....##
...### ###...(.###


You could see an orc warlord and a friendly lightning spire.

Vanquished Creatures
  An orc knight (Bailey)
  Sigmund (D:2)
  A water moccasin (D:6)
  A sky beast (D:5)
  12 orc warriors (Bailey)
  3 ogres
  A centaur (D:5)
  2 big kobolds (D:5)
  A wyvern zombie (D:7)
  4 bullfrogs (D:6)
  2 scorpions
  2 howler monkeys
  4 crimson imps (D:5)
  A quasit (D:5)
  5 orc priests
  3 hounds
  3 jellies
  Jessica (D:2)
  A centaur skeleton (D:3)
  Natasha (thrice) (D:4)
  4 iguanas
  4 worker ants
  Terence (D:3)
  2 hound zombies
  Robin (D:3)
  11 gnolls
  6 adders
  A shadow imp (D:6)
  2 worms
  A dart slug (D:2)
  4 leopard geckos
  35 orcs
  2 giant cockroaches
  34 goblins
  26 hobgoblins
  8 jackals
  16 kobolds
  5 quokkas
  A ball python (D:5)
  13 bats
  8 frilled lizards
  A leopard gecko skeleton (D:5)
  A quokka skeleton (D:7)
  A quokka zombie (D:5)
  6 rats
246 creatures vanquished.

Notes
Turn   | Place    | Note
-------+----------+-------------------------------------------
     0 | D:1      | Kagalorn the Human Assassin began the quest for the Orb.
     0 | D:1      | Reached XP level 1. HP: 16/16 MP: 1/1
    98 | D:1      | Reached XP level 2. HP: 21/22 MP: 2/2
   663 | D:2      | Reached XP level 3. HP: 19/28 MP: 3/3
  1109 | D:2      | Noticed Sigmund
  1129 | D:2      | Killed Sigmund
  1129 | D:2      | Reached XP level 4. HP: 31/35 MP: 4/4
  1129 | D:2      | Reached XP level 5. HP: 36/41 MP: 5/5
  1129 | D:2      | Reached XP level 6. HP: 42/47 MP: 6/6
  1219 | D:2      | Reached skill level 5 in Short Blades
  1236 | D:2      | Noticed Jessica
  1245 | D:2      | Killed Jessica
  2224 | D:3      | Found a shimmering altar of Xom.
  2224 | D:3      | Noticed Robin
  2404 | D:3      | Killed Robin
  2527 | D:3      | Found an iron altar of Okawaru.
  2529 | D:3      | Found a radiant altar of Vehumet.
  2532 | D:3      | Found a snail-covered altar of Cheibriados.
  2532 | D:3      | Found a stormy altar of Qazlal.
  2611 | D:3      | Reached XP level 7. HP: 51/54 MP: 7/7
  2708 | D:3      | Noticed Terence
  2728 | D:3      | Killed Terence
  2835 | D:3      | Learned a level 4 spell: Summon Lightning Spire
  3237 | D:4      | Found a staircase to the Ecumenical Temple.
  3244 | Temple   | Entered the Ecumenical Temple
  3403 | Temple   | Became a worshipper of Dithmenos the Shadowed
  3635 | D:4      | Noticed Natasha
  3639 | D:4      | Killed Natasha
  3684 | D:4      | Reached skill level 1 in Shields
  3778 | D:4      | Reached skill level 1 in Summonings
  3832 | D:4      | Reached skill level 1 in Air Magic
  4265 | D:4      | Noticed Natasha
  4285 | D:4      | Killed Natasha
  4352 | D:4      | Noticed Natasha
  4366 | D:4      | Killed Natasha
  4405 | D:5      | Entered Level 5 of the Dungeon
  4465 | D:3      | Reached skill level 5 in Fighting
  4465 | D:3      | Reached XP level 8. HP: 42/62 MP: 8/8
  4661 | D:5      | Got a warped whip
  4884 | D:4      | Reached skill level 5 in Stealth
  5201 | D:5      | Found the +5 scythe "Finisher" {speed, eviscerate}
  5221 | D:5      | Reached * piety under Dithmenos
  5909 | D:5      | Reached skill level 6 in Stealth
  5909 | D:5      | Reached XP level 9. HP: 58/68 MP: 9/9
  6069 | D:5      | Reached ** piety under Dithmenos
  6595 | D:6      | Reached skill level 5 in Shields
  6765 | D:6      | Reached skill level 7 in Stealth
  7486 | D:7      | Found Zavuetz's Magic Scroll Shop.
  7535 | D:7      | Found a flagged portal.
  7601 | D:7      | Bought a scroll of teleportation for 33 gold pieces
  7601 | D:7      | Bought a scroll of blinking for 82 gold pieces
  7601 | D:7      | Bought a scroll of blinking for 82 gold pieces
  7601 | D:7      | Bought a scroll of teleportation for 33 gold pieces
  7758 | D:7      | Reached skill level 8 in Stealth
  7836 | Bailey   | Entered a bailey
  8387 | Bailey   | Identified the +6 whip "Spider's Doom" {flame, +Rage rElec
                  | Int+2} (You found it on level 5 of the Dungeon)
  8553 | Bailey   | Reached *** piety under Dithmenos
  8580 | Bailey   | Reached XP level 10. HP: 18/74 MP: 10/10
  8873 | Bailey   | Noticed an orc knight
  8949 | Bailey   | Reached skill level 9 in Stealth
  8996 | Bailey   | Killed an orc knight
  9347 | Bailey   | Reached skill level 10 in Stealth
  9347 | Bailey   | Reached skill level 5 in Summonings
  9731 | Bailey   | Reached skill level 5 in Air Magic
  9731 | Bailey   | Reached skill level 1 in Evocations
  9929 | Bailey   | Noticed an orc warlord
  9939 | Bailey   | Gained mutation: You are weak. (Str -2) [potion of
                  | mutation]
  9939 | Bailey   | Gained mutation: Armour fits poorly on your strangely
                  | shaped body. [potion of mutation]
  9939 | Bailey   | Gained mutation: Your mind is acute. (Int +2) [potion of
                  | mutation]
  9939 | Bailey   | Gained mutation: You have an increased reservoir of magic.
                  | (+10% MP) [potion of mutation]
  9945 | Bailey   | Reached XP level 11. HP: 56/79 MP: 3/24
  9968 | Bailey   | Mangled by an orc warlord

Levels and vault maps discovered:
D:1:      giann_bridges, layout_basic, hex_tiny
D:2:      layout_loops_corners, minmay_tetromino_i4, uniq_jessica, uniq_sigmund
D:3:      layout_basic, grunt_temple_overflow_open, uniq_terence, uniq_robin
D:4:      layout_basic, minmay_temple_entry_ruins, first_ration, uniq_natasha
D:5:      cheibrodos_thug_alley, layout_rooms, corexii_hall_statues_s,
          minmay_divided_ellipse
D:6:      layout_basic
D:7:      layout_rooms, enter_bailey_2, serial_shops, shop, chequers_jeans,
          lemuel_flamethrower_2
Temple:   regret_index_temple_sphere_string
Bailey:   bailey_axe_minmay_hex_keep, bailey

Skill      XL: |  1  2  3  4  5  6  7  8  9 10 |
---------------+-------------------------------+-----
Short Blades   | 4 5 6 |  6.0
Fighting       | 3 4 5 |  5.0
Shields        | 1 3 5 |  5.0
Summonings     | 1 2 4 7 |  7.9
Air Magic      | 1 2 4 5 |  5.1
Stealth        | 6 8 10 | 10.0
Evocations     | 1 |  1.1
Spellcasting   | 7 |  7.4
Throwing       | |  2.0
Dodging        | |  1.0

Action                   |  1- 3 |  4- 6 |  7- 9 | 10-12 || total
-------------------------+-------+-------+-------+-------++-------
Melee: Dagger            |    60 |   187 |   915 |       ||  1162
       Whip              |       |       |    23 |   134 ||   157
 Fire: Hunting sling     |       |       |       |     8 ||     8
Throw: Dart              |     8 |    25 |   133 |    41 ||   207
       Stone             |       |       |       |     3 ||     3
 Cast: Summon Lightning  |       |       |       |     1 ||     1
 Abil: Evoke Berserk Rag |       |       |       |     4 ||     4
  Use: Scroll            |       |       |     8 |     1 ||     9
       Potion            |       |       |       |     9 ||     9
 Stab: Sleeping          |    10 |     8 |    13 |       ||    31
       Distracted        |       |     1 |     1 |     3 ||     5
  Eat: Chunk             |       |     5 |    17 |     8 ||    30
       Ration            |       |       |     1 |       ||     1
Armor: Robe              |    16 |    32 |   193 |    17 ||   258
       Skin              |       |       |       |     6 ||     6
Dodge: Dodged            |    33 |   111 |   319 |    44 ||   507
Block: Buckler           |       |     2 |   119 |    23 ||   144

Table legend:
 A = Non-vault XP
 B = Vault XP
 C = Vault XP percentage of total XP
 D = Non-vault monster count
 E = Vault monster count
 F = Vault count percentage of total count
                 A         B        C        D         E       F
            +---------+---------+-------+---------+---------+-------
      Total |    2637 |    3252 |  55.2 |     140 |     106 |  43.1
            +---------+---------+-------+---------+---------+-------
        D:1 |      28 |       0 |   0.0 |      18 |       0 |   0.0
        D:2 |     120 |     273 |  69.5 |      33 |      10 |  23.3
        D:3 |     171 |      58 |  25.3 |      22 |       7 |  24.1
        D:4 |     396 |      36 |   8.3 |      16 |       1 |   5.9
        D:5 |     623 |     512 |  45.1 |      29 |      21 |  42.0
        D:6 |    1037 |       0 |   0.0 |      16 |       0 |   0.0
        D:7 |     262 |       0 |   0.0 |       6 |       0 |   0.0
     Bailey |       0 |    2373 | 100.0 |       0 |      67 | 100.0
            +---------+---------+-------+---------+---------+-------
